AoeStats
← t0lu

Arabia

508304015Analyzed
1v1 RM · 11d ago on Sep 21, 2026· 24m 25s· 2 players
Game mode
Random Map
Map size
Tiny (2 player)
Population
200
Speed
Normal
Resources
Standard
Victory
Conquest
Starting age
Dark Age
Ending age
Imperial Age
RankedLock teamsTeams togetherTeam positionsShared explorationLock speedFull tech treeHidden civsTurbo modeCheats
Victory
Defeat
🇨🇳 Bulgarians · China
967
+16
🇦🇷 Celts · Argentina
962
-16
t0lu
11:23 Feudal Age
11:52 Horse Collar
12:09 Man-at-Arms
17:01 Double-Bit Axe
17:49 Scale Mail Armor
19:25 Forging
铁大炮
7:36 Loom
9:42 Feudal Age
17:17 Double-Bit Axe
18:02 Scale Mail Armor
18:13 Forging
24:25 Arson
Connection lost

Rejoining the realm…

Still unreachable

The connection could not be restored.

Session expired

The server has moved on; the page needs a fresh start.